 Dungeon Crawl Stone Soup version 0.22-a0-231-g1b571ea (webtiles) character file.

111 wolfsongas the Skirmisher (level 4, 0/41 HPs)
             Began as a Gnoll Wanderer on Feb 21, 2018.
             Was a Follower of Kikubaaqudgha.
             Killed by nerve-wracking pain
             ... invoked by a shadow imp
              (13 damage)
             ... while paralysed by Grinder
             ... in a sewer.
             The game lasted 00:03:46 (2486 turns).

wolfsongas the Skirmisher (Gnoll Wanderer)          Turns: 2486, Time: 00:03:47

Health: 0/41       AC:  7    Str: 16    XL:     4   Next: 92%
Magic:  5/5        EV:  2    Int: 13    God:    Kikubaaqudgha [*.....]
Gold:   90         SH:  0    Dex: 15    Spells: 5/5 levels left

rFire    . . .     SeeInvis .   d - +0 falchion
rCold    . . .     Gourm    .   (no shield)
rNeg     . . .     Faith    .   i - +1 scale mail
rPois    .         Spirit   .   (no helmet)
rElec    .         Reflect  +   (no cloak)
rCorr    .         Harm     .   (no gloves)
MR       .....                  (no boots)
Stlth    +.........             h - +3 amulet of reflection
HPRegen  0.13/turn              (no ring)
MPRegen  0.09/turn              (no ring)

@: paralysed, hasted
A: distributed training, fangs 1, strong nose
a: Receive Corpses, Renounce Religion


You were in a sewer.
You worshipped Kikubaaqudgha.
Kikubaaqudgha was aware of your devotion.
You were not hungry.

You visited 1 branch of the dungeon, and saw 3 of its levels.
You also visited: Sewer.

You collected 90 gold pieces.

Inventory:

Hand Weapons
 d - a +0 falchion (weapon)
Armour
 i - a +1 scale mail (worn)
Jewellery
 h - a +3 amulet of reflection (around neck)
Scrolls
 a - a scroll of teleportation
 b - a scroll of fear
 k - a scroll of remove curse
Potions
 e - a potion of curing
Comestibles
 c - 5 rations


   Skills:
 + Level 6.6 Fighting
 + Level 1.2 Short Blades
 + Level 2.8 Long Blades
 + Level 1.2 Axes
 + Level 1.2 Maces & Flails
 + Level 1.2 Polearms
 + Level 1.2 Staves
 + Level 1.2 Slings
 + Level 1.2 Bows
 + Level 1.2 Crossbows
 + Level 2.8 Throwing
 + Level 1.2 Armour
 + Level 1.2 Dodging
 + Level 2.6 Stealth
 + Level 2.8 Shields
 + Level 1.2 Unarmed Combat
 + Level 1.2 Spellcasting
 + Level 3.9 Conjurations
 + Level 1.0 Hexes
 + Level 1.0 Charms
 + Level 1.0 Summonings
 + Level 1.0 Necromancy
 + Level 1.0 Translocations
 + Level 1.0 Transmutations
 + Level 1.0 Fire Magic
 + Level 1.0 Ice Magic
 + Level 1.0 Air Magic
 + Level 1.0 Earth Magic
 + Level 2.3 Poison Magic
 + Level 1.4 Invocations
 + Level 1.2 Evocations


You had 5 spell levels left.
You didn't know any spells.

Dungeon Overview and Level Annotations

Branches:
Dungeon (3/15)

Altars:
Dithmenos
Kikubaaqudgha

Annotations:
Sewer Grinder


Innate Abilities, Weirdness & Mutations

Your experience applies equally to all skills.
You have very sharp teeth.
Your uncanny sense of smell can sniff out nearby items.


Message History

You are too injured to fight recklessly!
You are too injured to fight recklessly!
You are too injured to fight recklessly!
You are too injured to fight recklessly!
You are too injured to fight recklessly!
You are too injured to fight recklessly!
You hit the ufetubus.
The ufetubus is severely wounded.
The ufetubus closely misses you. The ufetubus hits you.
The adder barely misses you.
You riposte.
You hit the adder.
The adder is lightly wounded.
Grinder gestures at you.
You suddenly lose the ability to move!
The ufetubus hits you.
The ufetubus hits you but does no damage.
The adder bites you but does no damage. The ufetubus hits you.
The ufetubus hits you but does no damage.
The shadow imp gestures at you. Pain shoots through your body!
You die...
Kikubaaqudgha rasps: "You have failed me!
Welcome... death!"

## #∩# ##K## ########
#!?$#
≈≈≈≈≈..+.≈≈###...##
≈≈≈≈≈≈.#.≈≈##.5.5S#
≈≈≈≈≈≈.#.≈≈##.≈≈≈5#
≈≈≈≈≈≈.#..≈##...@S#
≈≈≈≈≈..#.≈≈###'''##
≈≈≈....#.≈≈###...##
##≈#.####.###..§.K##
)..≈.≈≈#≈..#.....§.'.≈
≈≈≈.≈≈≈≈...'.§._...K.≈
...≈.≈≈#≈..#.....§.'K≈.
≈###.####.###..§..##...
≈≈≈....#.≈≈###...## ###


You could see Grinder, a big kobold, 2 adders, a shadow imp, an ufetubus and a
kobold.

Vanquished Creatures
  2 big kobold zombies (Sewer)
  An adder (D:2)
  A shadow imp (Sewer)
  An ufetubus (Sewer)
  An adder zombie (Sewer)
  A ball python (D:2)
  3 giant cockroaches
  8 hobgoblins
  3 jackals (D:1)
  10 kobolds
  A quokka (D:2)
  5 bats
  2 frilled lizards
  3 goblins
  7 rats
49 creatures vanquished.

Notes
Turn   | Place    | Note
-------+----------+-------------------------------------------
     0 | D:1      | wolfsongas the Gnoll Wanderer began the quest for the Orb.
     0 | D:1      | wolfsongas set off with: a +2 dagger, a scroll of fear, a ration, a +0 falchion, a +0 robe
     0 | D:1      | Reached XP level 1. HP: 23/23 MP: 1/1
   278 | D:1      | Reached XP level 2. HP: 25/29 MP: 2/2
  1192 | D:2      | Reached XP level 3. HP: 28/35 MP: 3/3
  1268 | D:2      | Found a shadowy altar of Dithmenos.
  1309 | D:2      | Reached skill level 1 in Invocations
  1462 | D:2      | Found a faded altar of an unknown god.
  1756 | D:2      | Became a worshipper of Kikubaaqudgha
  1756 | D:2      | Reached * piety under Kikubaaqudgha
  1756 | D:2      | Identified Kikubaaqudgha's Handbook of Necromancy (Kikubaaqudgha gifted it to you on level 2 of the Dungeon)
  1756 | D:2      | Received a gift from Kikubaaqudgha
  1974 | D:3      | Found a glowing drain.
  1979 | Sewer    | Entered a sewer
  2002 | Sewer    | Reached skill level 1 in Short Blades
  2002 | Sewer    | Reached skill level 1 in Axes
  2002 | Sewer    | Reached skill level 1 in Maces & Flails
  2002 | Sewer    | Reached skill level 1 in Polearms
  2002 | Sewer    | Reached skill level 1 in Staves
  2002 | Sewer    | Reached skill level 1 in Slings
  2002 | Sewer    | Reached skill level 1 in Bows
  2002 | Sewer    | Reached skill level 1 in Crossbows
  2002 | Sewer    | Reached skill level 1 in Armour
  2002 | Sewer    | Reached skill level 1 in Dodging
  2002 | Sewer    | Reached skill level 1 in Unarmed Combat
  2002 | Sewer    | Reached skill level 1 in Spellcasting
  2002 | Sewer    | Reached skill level 1 in Evocations
  2253 | Sewer    | Reached XP level 4. HP: 34/41 MP: 5/5
  2324 | Sewer    | Reached skill level 1 in Hexes
  2324 | Sewer    | Reached skill level 1 in Charms
  2324 | Sewer    | Reached skill level 1 in Summonings
  2324 | Sewer    | Reached skill level 1 in Necromancy
  2324 | Sewer    | Reached skill level 1 in Translocations
  2324 | Sewer    | Reached skill level 1 in Transmutations
  2324 | Sewer    | Reached skill level 1 in Fire Magic
  2324 | Sewer    | Reached skill level 1 in Ice Magic
  2324 | Sewer    | Reached skill level 1 in Air Magic
  2324 | Sewer    | Reached skill level 1 in Earth Magic
  2464 | Sewer    | Found a burning altar of Makhleb.
  2464 | Sewer    | Noticed a big kobold
  2473 | Sewer    | Noticed Grinder
  2485 | Sewer    | Paralysed by Grinder for 2 turns
  2486 | Sewer    | Killed from afar by a shadow imp

Vault maps used:
D:1:      dpeg_arrival_brainrot, st_stairs_9
D:2:      nicolae_dithmenos_through_a_glass_darkly,
          chequers_ecumenical_altar_twisty
D:3:      gup_sewer_entry_bowl, kennysheep_cross_room,
          kennysheep_generic_room_2, uniq_terence
Sewer:    kennysheep_sewer_church

Skill      XL: |  1  2  3  4 |
---------------+-------------+-----
Poison Magic   | 2 |  2.3
Invocations    | 1 |  1.4
Short Blades   | 1 |  1.2
Axes           | 1 |  1.2
Maces & Flails | 1 |  1.2
Polearms       | 1 |  1.2
Staves         | 1 |  1.2
Slings         | 1 |  1.2
Bows           | 1 |  1.2
Crossbows      | 1 |  1.2
Armour         | 1 |  1.2
Dodging        | 1 |  1.2
Unarmed Combat | 1 |  1.2
Spellcasting   | 1 |  1.2
Evocations     | 1 |  1.2
Hexes          | 1 |  1.0
Charms         | 1 |  1.0
Summonings     | 1 |  1.0
Necromancy     | 1 |  1.0
Translocations | 1 |  1.0
Transmutations | 1 |  1.0
Fire Magic     | 1 |  1.0
Ice Magic      | 1 |  1.0
Air Magic      | 1 |  1.0
Earth Magic    | 1 |  1.0
Fighting       | |  6.6
Long Blades    | |  2.8
Throwing       | |  2.8
Stealth        | |  2.6
Shields        | |  2.8
Conjurations   | |  3.9

Action                   |  1- 3 |  4- 6 || total
-------------------------+-------+-------++-------
Melee: Dagger            |    56 |       ||    56
       Bite              |    17 |     7 ||    24
       Falchion          |    87 |    66 ||   153
       Punch             |     2 |     1 ||     3
  Use: Scroll            |    12 |     1 ||    13
       Potion            |     1 |     1 ||     2
 Stab: Sleeping          |     1 |       ||     1
  Eat: Chunk             |     2 |       ||     2
       Ration            |     1 |       ||     1
Armor: Scale mail        |    67 |    23 ||    90
Dodge: Dodged            |    78 |    26 ||   104
Block: Other             |    10 |     7 ||    17
       Reflection        |     1 |       ||     1
       Rpst.: Falchion   |    10 |     8 ||    18

Table legend:
 A = Spawn XP
 B = Non-spawn XP
 C = Spawn XP percentage of total XP
 D = Spawn monster count
 E = Non-spawn monster count
 F = Spawn count percentage of total count
 G = Total turns spent on level
                    A         B        C        D         E        F      G
               +---------+---------+-------+---------+---------+-------+---------
         Total |       0 |     159 |   0.0 |       0 |      49 |   0.0 |  2486
               +---------+---------+-------+---------+---------+-------+---------
           D:1 |       0 |      28 |   0.0 |       0 |      18 |   0.0 |  1167
           D:2 |       0 |      34 |   0.0 |       0 |      13 |   0.0 |   764
           D:3 |       0 |       5 |   0.0 |       0 |       4 |   0.0 |    48
         Sewer |       0 |      92 |   0.0 |       0 |      14 |   0.0 |   507
               +---------+---------+-------+---------+---------+-------+---------
